3L
PANAMA CITY PIRANHAS @ ECHO PARK LAKERS
09/13/2041
 
TOP OF THE 1ST
Panama City Piranhas batting - Pitching for Echo Park Lakers : LHP Luis Díaz
Pitching: LHP Luis Díaz
Batting: RHB Kieran Hansen 0-0: Called Strike
0-1: Ball
1-1: Swinging Strike
1-2: Ball
2-2: Foul Ball, location: 2F
2-2: Foul Ball, location: 2F
2-2: Foul Ball, location: 2F
2-2: DOUBLE (Flyball, 89D, EV 104.4 MPH)
Batting: RHB Cleveland Kraut 0-0: Ball
1-0: Foul Ball, location: 2F
1-1: Foul Ball, location: 2F
1-2: Ball
2-2: Ball
3-2: Base on Balls
Batting: RHB Blaze Alexander 0-0: Ball
1-0: Ball
2-0: TRIPLE (Flyball, 8LXD, EV 103.8 MPH)
Kieran Hansen scores
Cleveland Kraut scores
Batting: LHB Oasiz Wiesblatt 0-0: SINGLE (Line Drive, 8RS, EV 100.0 MPH)
Blaze Alexander scores
Batting: LHB Ashley Thachi 0-0: Called Strike
0-1: Ball
1-1: Foul Ball, location: 2F
1-2: Foul Ball, location: 2F
1-2: Ball
2-2: Ball
3-2: DOUBLE (Flyball, 9LD, EV 98.8 MPH)
Oasiz Wiesblatt to third
Batting: RHB Carsello Scruggins 0-0: Ball
1-0: Swinging Strike
1-1: Ball
2-1: Swinging Strike
2-2: Strikes out swinging
Batting: LHB Ji-e Loh 0-0: Called Strike
0-1: Ball
1-1: Swinging Strike
1-2: SINGLE (Line Drive, 7S, EV 85.6 MPH)
Oasiz Wiesblatt scores
Ashley Thachi to third
Batting: RHB Hyeon-cheong Kim 0-0: Ball
1-0: Called Strike
1-1: SINGLE (Groundball, 4D, EV 97.5 MPH)
Ashley Thachi scores
Ji-e Loh to second
Pitching: RHP Mark Collingwood
Batting: RHB Luke Thornton 0-0: Ball
1-0: Swinging Strike
1-1: SINGLE (Line Drive, 9LS, EV 90.0 MPH)
Ji-e Loh to third
Hyeon-cheong Kim to second
Runner from 3rd tries for Home, SAFE, no throw by RF
Batting: RHB Kieran Hansen 0-0: Swinging Strike
0-1: Foul Ball, location: 2F
0-2: Foul Ball, location: 2F
0-2: Fly out, F9 (Flyball, 89M, EV 78.1 MPH)
Batting: RHB Cleveland Kraut 0-0: Called Strike
0-1: Called Strike
0-2: Fly out, F3 (Line Drive, 3, EV 69.4 MPH)
Top of the 1st over - 6 runs, 7 hits, 0 errors, 2 left on base; Panama City 6 - Echo Park 0
BOTTOM OF THE 1ST
Echo Park Lakers batting - Pitching for Panama City Piranhas : RHP Román Mejía
Pitching: RHP Román Mejía
Batting: RHB Ger Jobse 0-0: Called Strike
0-1: Ball
1-1: Foul Ball, location: 2F
1-2: Foul Ball, location: 2F
1-2: Ball
2-2: Ball
3-2: Foul Ball, location: 2F
3-2: Ground out 5-3 (Groundball, 56, EV 105.0 MPH)
Batting: LHB Joe Schreibvogel 0-0: Ball
1-0: Ball
2-0: Fly out, F8 (Flyball, 8RD, EV 100.0 MPH)
Batting: RHB Komotay Koffie 0-0: Called Strike
0-1: Foul Ball, location: 2F
0-2: Ball
1-2: Ball
2-2: Strikes out swinging
Bottom of the 1st over - 0 runs, 0 hits, 0 errors, 0 left on base; Panama City 6 - Echo Park 0
TOP OF THE 2ND
Panama City Piranhas batting - Pitching for Echo Park Lakers : RHP Mark Collingwood
Batting: RHB Blaze Alexander 0-0: Called Strike
0-1: Ball
1-1: Ground out 5-3 (Groundball, 56S, EV 83.1 MPH)
Batting: LHB Oasiz Wiesblatt 0-0: Ball
1-0: Called Strike
1-1: Foul Ball, location: 2F
1-2: Foul Ball, location: 2F
1-2: Foul Ball, location: 2F
1-2: Ball
2-2: Fly out, F7 (Flyball, 7S, EV 88.8 MPH)
Batting: LHB Ashley Thachi 0-0: SINGLE (Groundball, 4MD, EV 98.8 MPH)
Batting: RHB Carsello Scruggins 0-0: Called Strike
0-1: Foul Ball, location: 2F
0-2: Foul Ball, location: 2F
0-2: Ball
1-2: Ground out 3-1 (Groundball, 3L, EV 88.1 MPH)
Top of the 2nd over - 0 runs, 1 hit, 0 errors, 1 left on base; Panama City 6 - Echo Park 0
BOTTOM OF THE 2ND
Echo Park Lakers batting - Pitching for Panama City Piranhas : RHP Román Mejía
Batting: LHB Philip Todd 0-0: Ball
1-0: Ball
2-0: Called Strike
2-1: Foul Ball, location: 2F
2-2: SINGLE (Groundball, 34D, EV 105.0 MPH)
Batting: RHB Ryoma Yamamoto 0-0: Foul Ball, location: 2F
0-1: Called Strike
0-2: Strikes out looking
Batting: LHB José Vera 0-0: Swinging Strike
0-1: Called Strike
0-2: Grounds into double play, 4-6-3 (Groundball, 4, EV 103.1 MPH)
Bottom of the 2nd over - 0 runs, 1 hit, 0 errors, 0 left on base; Panama City 6 - Echo Park 0
TOP OF THE 3RD
Panama City Piranhas batting - Pitching for Echo Park Lakers : RHP Mark Collingwood
Batting: LHB Ji-e Loh 0-0: Ball
1-0: Ball
2-0: Called Strike
2-1: Ball
3-1: Base on Balls
Batting: RHB Hyeon-cheong Kim 0-0: Ball
1-0: Ball
2-0: Ball
3-0: Grounds into double play, 5-4-3 (Groundball, 56, EV 85.6 MPH)
Batting: RHB Luke Thornton 0-0: Swinging Strike
0-1: Ground out 1-3 (Groundball, P, EV 81.2 MPH)
Top of the 3rd over - 0 runs, 0 hits, 0 errors, 0 left on base; Panama City 6 - Echo Park 0
BOTTOM OF THE 3RD
Echo Park Lakers batting - Pitching for Panama City Piranhas : RHP Román Mejía
Batting: RHB Phil Gillespie 0-0: SINGLE (Groundball, 6MD, EV 106.2 MPH)
Batting: LHB Ben Bullock 0-0: Called Strike
0-1: Ball
1-1: Swinging Strike
1-2: Foul Ball, location: 2F
1-2: Ball
2-2: Foul Ball, location: 2F
2-2: Foul Ball, location: 2F
2-2: Fielders Choice at 2nd, 4-6 (Groundball, 4, EV 83.8 MPH)
Batting: RHB Omer van de Linde 0-0: Ball
1-0: Foul Ball, location: 2F
1-1: Swinging Strike
1-2: Strikes out swinging
Batting: RHB Ger Jobse 0-0: Called Strike
Ben Bullock steals 2nd base
0-1: Ball
1-1: Ball
2-1: Ball
3-1: Foul Ball, location: 2F
3-2: Foul Ball, location: 2F
3-2: Strikes out swinging
Bottom of the 3rd over - 0 runs, 1 hit, 0 errors, 1 left on base; Panama City 6 - Echo Park 0
TOP OF THE 4TH
Panama City Piranhas batting - Pitching for Echo Park Lakers : RHP Mark Collingwood
Batting: RHB Kieran Hansen 0-0: Ball
1-0: Foul Ball, location: 2F
1-1: Foul Ball, location: 2F
1-2: Foul Ball, location: 2F
1-2: Ball
2-2: Foul Ball, location: 2F
2-2: Foul Ball, location: 2F
2-2: Fly out, F8 (Flyball, 8RXD, EV 78.8 MPH)
Batting: RHB Cleveland Kraut 0-0: Ball
1-0: Foul Ball, location: 2F
1-1: Called Strike
1-2: Strikes out swinging
Batting: RHB Blaze Alexander 0-0: Swinging Strike
0-1: Ball
1-1: Swinging Strike
1-2: Ball
2-2: Strikes out swinging
Top of the 4th over - 0 runs, 0 hits, 0 errors, 0 left on base; Panama City 6 - Echo Park 0
BOTTOM OF THE 4TH
Echo Park Lakers batting - Pitching for Panama City Piranhas : RHP Román Mejía
Batting: LHB Joe Schreibvogel 0-0: SINGLE (Groundball, 34D, EV 103.1 MPH)
Batting: RHB Komotay Koffie 0-0: Ball
1-0: Ball
2-0: Called Strike
2-1: Called Strike
2-2: Ball
3-2: Foul Ball, location: 2F
3-2: Foul Ball, location: 2F
3-2: SINGLE (Groundball, 4MD, EV 106.2 MPH)
Joe Schreibvogel to second
Runner from 2nd tries for 3rd, SAFE, no throw by CF
Batting: LHB Philip Todd 0-0: Ball
Wild Pitch!
Joe Schreibvogel scores
Komotay Koffie to second
1-0: Ball
2-0: Called Strike
2-1: Foul Ball, location: 2F
2-2: Ball
3-2: SINGLE (Groundball, 4MD, EV 96.2 MPH)
Komotay Koffie to third
Runner from 3rd tries for Home, SAFE, no throw by CF
Batting: RHB Ryoma Yamamoto 0-0: Ground out 4-3 (Groundball, 4S, EV 89.4 MPH)
Philip Todd to second
Batting: LHB José Vera 0-0: Called Strike
0-1: Foul Ball, location: 2F
0-2: Ground out 5-3 (Groundball, 5, EV 97.5 MPH)
Batting: RHB Phil Gillespie 0-0: Foul Ball, location: 2F
0-1: Reached on error, E5 (Groundball, 56, EV 87.5 MPH)
Philip Todd scores
Batting: LHB Ben Bullock 0-0: Called Strike
0-1: Ground out 4-3 (Groundball, 4, EV 83.1 MPH)
Bottom of the 4th over - 3 runs, 3 hits, 1 error, 1 left on base; Panama City 6 - Echo Park 3
TOP OF THE 5TH
Panama City Piranhas batting - Pitching for Echo Park Lakers : RHP Mark Collingwood
Pitching: RHP Ken Peterson
Batting: LHB Oasiz Wiesblatt 0-0: Foul Ball, location: 2F
0-1: Foul Ball, location: 2F
0-2: Ball
1-2: Ball
2-2: Ball
3-2: SINGLE (Groundball, 34D, EV 96.2 MPH)
Batting: LHB Ashley Thachi 0-0: Fly out, F8 (Flyball, 8RM, EV 93.1 MPH)
Batting: RHB Carsello Scruggins 0-0: Fly out, F7 (Flyball, 7LS, EV 91.9 MPH)
Batting: LHB Ji-e Loh 0-0: Ball
1-0: Ball
2-0: Foul Ball, location: 2F
2-1: Foul Ball, location: 2F
2-2: Foul Ball, location: 2F
2-2: Fly out, F8 (Flyball, 89D, EV 95.6 MPH)
Top of the 5th over - 0 runs, 1 hit, 0 errors, 1 left on base; Panama City 6 - Echo Park 3
BOTTOM OF THE 5TH
Echo Park Lakers batting - Pitching for Panama City Piranhas : RHP Román Mejía
Batting: RHB Omer van de Linde 0-0: Ball
1-0: Fly out, F9 (Flyball, 9D, EV 91.2 MPH)
Batting: RHB Ger Jobse 0-0: Called Strike
0-1: Ball
1-1: Ground out 2-3 (Groundball, 13S, EV 74.4 MPH)
Batting: LHB Joe Schreibvogel 0-0: Ball
1-0: Called Strike
1-1: SINGLE (Flyball, 56D, EV 91.2 MPH)
Batting: RHB Komotay Koffie 0-0: Ball
1-0: Ball
2-0: Ball
3-0: Base on Balls
Joe Schreibvogel to second
Batting: LHB Philip Todd 0-0: Called Strike
0-1: Ball
Wild Pitch!
Joe Schreibvogel to third
Komotay Koffie to second
1-1: Foul Ball, location: 2F
1-2: Ball
2-2: Foul Ball, location: 2F
2-2: Ball
3-2: Base on Balls
Batting: RHB Ryoma Yamamoto 0-0: SINGLE (Flyball, 89M, EV 91.2 MPH)
Joe Schreibvogel scores
Komotay Koffie to third
Philip Todd to second
Runner from 3rd tries for Home, SAFE, no throw by RF
Pitching: RHP Vadim Rajnev
Batting: LHB José Vera 0-0: Swinging Strike
0-1: SINGLE (Groundball, 34S, EV 84.4 MPH) (infield hit)
Philip Todd to third
Ryoma Yamamoto to second
Batting: RHB Phil Gillespie 0-0: Called Strike
0-1: Ball
1-1: Fly out, F8 (Line Drive, 8RM, EV 99.4 MPH)
Bottom of the 5th over - 2 runs, 3 hits, 0 errors, 3 left on base; Panama City 6 - Echo Park 5
TOP OF THE 6TH
Panama City Piranhas batting - Pitching for Echo Park Lakers : RHP Ken Peterson
Batting: RHB Hyeon-cheong Kim 0-0: Foul Ball, location: 2F
0-1: Ball
1-1: Foul Ball, location: 2F
1-2: Ball
2-2: Ball
3-2: Base on Balls
Batting: RHB Luke Thornton 0-0: Ball
1-0: Called Strike
1-1: Grounds into double play, 6-4-3 (Groundball, 6, EV 84.4 MPH)
Batting: RHB Kieran Hansen 0-0: Ball
1-0: Foul Ball, location: 2F
1-1: Ball
2-1: Fly out, F8 (Flyball, 8RS, EV 83.8 MPH)
Top of the 6th over - 0 runs, 0 hits, 0 errors, 0 left on base; Panama City 6 - Echo Park 5
BOTTOM OF THE 6TH
Echo Park Lakers batting - Pitching for Panama City Piranhas : RHP Vadim Rajnev
Batting: LHB Ben Bullock 0-0: Ball
1-0: Ball
2-0: Ground out 6-3 (Groundball, 6M, EV 95.6 MPH)
Batting: RHB Omer van de Linde 0-0: Ball
1-0: Foul Ball, location: 2F
1-1: Ball
2-1: Ball
3-1: Base on Balls
Batting: RHB Ger Jobse 0-0: Foul Ball, location: 2F
0-1: Ball
1-1: 2-RUN HOME RUN (Flyball, 7LD, EV 105.0 MPH), Distance : 359 ft
Batting: LHB Joe Schreibvogel 0-0: Called Strike
0-1: Fly out, F8 (Flyball, 78S, EV 73.1 MPH)
Batting: RHB Komotay Koffie 0-0: Ball
1-0: Ball
2-0: Ball
3-0: Called Strike
3-1: Base on Balls
Batting: LHB Philip Todd 0-0: Ball
1-0: Swinging Strike
1-1: Ball
2-1: Called Strike
Komotay Koffie steals 2nd base
2-2: Ball
3-2: Base on Balls
Batting: RHB Ryoma Yamamoto 0-0: Ball
1-0: Swinging Strike
1-1: Called Strike
1-2: Ground out 4-3 (Groundball, 4MS, EV 89.4 MPH)
Bottom of the 6th over - 2 runs, 1 hit, 0 errors, 2 left on base; Panama City 6 - Echo Park 7
TOP OF THE 7TH
Panama City Piranhas batting - Pitching for Echo Park Lakers : RHP Ken Peterson
Batting: RHB Cleveland Kraut 0-0: Ground out 2-3 (Groundball, 13S, EV 63.1 MPH)
Batting: RHB Blaze Alexander 0-0: Ball
1-0: Ball
2-0: Fly out, F7 (Flyball, 7LS, EV 85.6 MPH)
Batting: LHB Oasiz Wiesblatt 0-0: Ball
1-0: Called Strike
1-1: Swinging Strike
1-2: Ball
2-2: SINGLE (Groundball, 4MD, EV 98.1 MPH)
Batting: LHB Ashley Thachi 0-0: Called Strike
0-1: Ball
1-1: Ball
2-1: Fly out, F7 (Flyball, 7S, EV 95.0 MPH)
Top of the 7th over - 0 runs, 1 hit, 0 errors, 1 left on base; Panama City 6 - Echo Park 7
BOTTOM OF THE 7TH
Echo Park Lakers batting - Pitching for Panama City Piranhas : RHP Vadim Rajnev
Pitching: RHP Jonathan Lentz
Batting: LHB José Vera 0-0: SINGLE (Groundball, 34D, EV 94.4 MPH)
Batting: RHB Phil Gillespie 0-0: Ball
1-0: Sac Bunt to 15 - play at first, batter OUT! 1-4
José Vera to second
Batting: LHB Ben Bullock 0-0: Ground out 2-3 (Groundball, 2R, EV 64.4 MPH)
José Vera to third
Batting: RHB Omer van de Linde 0-0: SINGLE (Groundball, 56, EV 100.6 MPH) (infield hit)
José Vera scores
Batting: RHB Ger Jobse 0-0: Ball
1-0: SINGLE (Groundball, 34, EV 84.4 MPH) (infield hit)
Omer van de Linde to second
Batting: LHB Joe Schreibvogel 0-0: Ball
1-0: Ball
2-0: Foul Ball, location: 2F
2-1: Ground out 4-3 (Groundball, 34, EV 86.2 MPH)
Bottom of the 7th over - 1 run, 3 hits, 0 errors, 2 left on base; Panama City 6 - Echo Park 8
TOP OF THE 8TH
Panama City Piranhas batting - Pitching for Echo Park Lakers : RHP Ken Peterson
Batting: RHB Carsello Scruggins 0-0: Ball
1-0: Ball
2-0: Ground out 1-3 (Groundball, 15S, EV 70.0 MPH)
Batting: LHB Ji-e Loh 0-0: Called Strike
0-1: Ball
1-1: Foul Ball, location: 2F
1-2: Strikes out looking
Batting: RHB Hyeon-cheong Kim 0-0: Ball
1-0: Ball
2-0: Ball
3-0: Base on Balls
Pitching: LHP Onson Sweemey
Batting: RHB Luke Thornton 0-0: Swinging Strike
0-1: Called Strike
0-2: Foul Ball, location: 2F
0-2: Strikes out looking
Top of the 8th over - 0 runs, 0 hits, 0 errors, 1 left on base; Panama City 6 - Echo Park 8
BOTTOM OF THE 8TH
Echo Park Lakers batting - Pitching for Panama City Piranhas : RHP Jonathan Lentz
Batting: RHB Komotay Koffie 0-0: Ball
1-0: Called Strike
1-1: Called Strike
1-2: Ball
2-2: Ball
3-2: Reached on error, E1 (Groundball, 15S, EV 65.6 MPH)
Batting: LHB Philip Todd 0-0: Called Strike
0-1: Swinging Strike
0-2: SINGLE (Line Drive, 3D, EV 103.8 MPH)
Komotay Koffie to third
Runner from 3rd tries for Home, SAFE, throw by RF to home
Philip Todd to second
Batting: RHB Ryoma Yamamoto 0-0: Foul Ball, location: 2F
0-1: Ball
1-1: Called Strike
1-2: Ball
2-2: Ground out 6-3 (Groundball, 6, EV 104.4 MPH)
Batting: LHB José Vera 0-0: Swinging Strike
0-1: DOUBLE (Flyball, 8LXD, EV 91.9 MPH)
Philip Todd scores
Pinch Runner at 2nd Chip Mullaney:
Batting: RHB Phil Gillespie 0-0: Called Strike
0-1: Ball
1-1: Ball
2-1: Ball
3-1: Swinging Strike
3-2: Foul Ball, location: 2F
3-2: Foul Ball, location: 2F
3-2: Ground out 6-3 (Groundball, 56D, EV 101.9 MPH)
Batting: LHB Ben Bullock 0-0: Ball
1-0: Swinging Strike
1-1: Ball
2-1: Swinging Strike
2-2: Strikes out swinging
Bottom of the 8th over - 2 runs, 2 hits, 1 error, 1 left on base; Panama City 6 - Echo Park 10
TOP OF THE 9TH
Panama City Piranhas batting - Pitching for Echo Park Lakers : LHP Onson Sweemey
Now in RF: Cal MacKim
Batting: RHB Kieran Hansen 0-0: Ground out 6-3 (Groundball, 6, EV 90.6 MPH)
Batting: RHB Cleveland Kraut 0-0: Ball
1-0: Fly out, F9 (Flyball, 89S, EV 91.2 MPH)
Batting: RHB Blaze Alexander 0-0: Swinging Strike
0-1: Ball
1-1: Fly out, F8 (Flyball, 8LXD, EV 88.1 MPH)
Top of the 9th over - 0 runs, 0 hits, 0 errors, 0 left on base; Panama City 6 - Echo Park 10
Tuesday, January 5th, 2021 - OOTP Baseball 20.8 Build 74